Unix NetHack Version 5.0.0-0 post-release - last build Jul 19 2026 19:10:59 (3aa4ab31751d3886436d94b585a96704892fd477,branch:main).

Game began 2026-07-19 04:19:04, ended 2026-07-23 02:01:06.

Hlormaren, lawful female dwarven Valkyrie

                                                        --------
                                   ------------         ..<....|
          -------                  |..........|     #   |......|
          |)%)%@d#                 |...........#########.......|
          |*/%*.|#               ##-..........|#####    -.------
          |%]m).|### --------    # |...........          ##
          |?]@!.|  # |.>....|    # |...{......|           #
          -------  ##.......|    # ------------
                     |......---- ##
                     ----.......###
                        |......|##
                        |......|
                        --------

Hlormaren the Skirmisher    St:18/02 Dx:10 Co:19 In:9 Wi:8 Ch:9  Lawful
Dlvl:3  $:19 HP:0(41) Pw:4(4) AC:-1 Xp:3 T:1200  Hungry  

Latest messages:
 It's solid stone.
 The door opens.
 "Velkommen, Hlormaren!  Welcome to Kabalebo's general store!"
 You see here a yellow gem (for sale, 933 zorkmids).
 You see here 2 cram rations (for sale, 186 zorkmids).
 You see here a yellow gem (for sale, 933 zorkmids).
 You see here a long sword (for sale, 20 zorkmids).
 You see here a murky potion (for sale, 67 zorkmids).
 You see here a lembas wafer (for sale, 120 zorkmids).
 That strange object is a small mimic!
 The small mimic hits!
 You hit the small mimic.
 You miss the small mimic.
 The small mimic hits!
 You miss the small mimic.
 You hit the small mimic.
 You miss the small mimic.
 You hit the small mimic.
 The small mimic hits!
 You miss the small mimic.
 The small mimic misses!
 You miss the small mimic.
 You miss the small mimic.
 The small mimic hits!
 You miss the small mimic.
 You miss the small mimic.
 You miss the small mimic.
 The small mimic hits!
 You miss the small mimic.
 You miss the small mimic.
 You miss the small mimic.
 The small mimic misses!
 You miss the small mimic.
 You hit the small mimic.
 You miss the small mimic.
 You miss the small mimic.
 The small mimic hits!
 You miss the small mimic.
 You miss the small mimic.
 The small mimic misses!
 You miss the small mimic.
 You hit the small mimic.
 The small mimic hits!
 You die...
 Kabalebo gratefully inherits all your possessions.
 Do you want to see what you had when you died? [ynq] (y) y
 Do you want to see your attributes? [ynq] (y) y
 Do you want an account of creatures vanquished? [ynaq] (y) y
 Do you want to see your conduct and achievements? [ynq] (y) y
 Do you want to see the dungeon overview? [ynq] (y) y

Inventory:
 Coins    ('$')
  $ - 19 gold pieces
 Amulets  ('"')
  n - an uncursed amulet of magical breathing
 Weapons  (')')
  l - 10 +0 arrows
  q - 35 cursed -1 arrows
  g - 18 greased +0 darts
  e - 5 cursed +0 darts (at the ready)
  b - 2 +0 daggers
  a - a +2 dwarvish spear (alternate weapon; not wielded)
  j - 2 +0 orcish daggers
  p - a +0 long sword (weapon in right hand)
 Armor    ('[')
  k - an uncursed +0 orcish helm
  c - an uncursed +3 small shield (being worn)
  i - an uncursed +0 oilskin cloak (being worn)
  h - an uncursed +0 banded mail (being worn)
 Comestibles  ('%')
  d - 4 uncursed food rations
 Potions  ('!')
  o - an uncursed potion of gain energy
  s - an uncursed potion of object detection
  t - an uncursed potion of water
 Wands    ('/')
  u - a wand of digging (0:4)
 Gems/Stones  ('*')
  m - an uncursed worthless piece of black glass
  f - a cursed worthless piece of green glass

Hlormaren the Valkyrie's attributes:

Background:
 You were a Skirmisher, a level 3 dwarven Valkyrie.
 You were lawful, nominally on a mission for Tyr
 who was opposed by Odin (neutral) and Loki (chaotic).
 You were right-handed.
 You were in the Dungeons of Doom, on level 3.
 You entered the dungeon 1200 turns ago.
 It was nighttime.
 You had 50 experience points, 30 more were needed to attain level 4.

Basics:
 You had 0 out of 41 hit points.
 You had all 4 energy points (spell power).
 Your armor class was -1.
 Your wallet contained 19 zorkmids.
 Autopickup was off.

Final Characteristics:
 Your strength was 18/02 (limit:18/100).
 Your dexterity was 10 (limit:20).
 Your constitution was 19 (limit:20).
 Your intelligence was 9 (limit:16).
 Your wisdom was 8 (limit:16).
 Your charisma was 9 (limit:16).

Final Status:
 You were hungry.
 You were unencumbered.
 You were wielding a long sword.
 You were unskilled in long sword.

Final Attributes:
 You were devoutly aligned.
 You were cold resistant.
 You had infravision.
 You were stealthy.
 You were guarded.
 You are dead.

Miscellaneous:
 You didn't encounter any bones levels.
 Total elapsed playing time was 24 minutes and 12 seconds.

Major events:
 Turn
    1: Hlormaren the lawful dwarven Valkyrie entered the dungeon
  573: attained the rank of Skirmisher (level 3)
 1155: entered the Gnomish Mines
 1200: killed by a small mimic

You didn't know any spells.

Skills:
 Fighting Skills
   bare handed combat [Unskilled]
   two weapon combat  [Unskilled]
   riding             [Unskilled]
 Weapon Skills
   dagger             [Basic]
   axe                [Unskilled]
   pick-axe           [Unskilled]
   short sword        [Unskilled]
   broadsword         [Unskilled]
   long sword         [Unskilled]
   two-handed sword   [Unskilled]
   saber              [Unskilled]
   hammer             [Unskilled]
   quarterstaff       [Unskilled]
   polearms           [Unskilled]
   spear              [Basic]
   trident            [Unskilled]
   lance              [Unskilled]
   sling              [Unskilled]
 Spellcasting Skills
   attack spells      [Unskilled]
   escape spells      [Unskilled]

Voluntary challenges:
 Character rerolling was not enabled.
 You were an atheist.
 You never genocided any monsters.
 You never polymorphed an object.
 You never changed form.
 You used no wishes.
Achievements:
 You attained the rank of Skirmisher.
 You entered the Gnomish Mines.
 You entered a shop.

 The Dungeons of Doom: levels 1 to 3
    Level 1:
    Level 2:
    Level 3: <- You were here.
       A general store, a fountain.
       Stairs down to The Gnomish Mines.
       Final resting place for
          you, killed by a small mimic.
 The Gnomish Mines:
    Level 4:
 The Tutorial: levels 1 to 2
    Level 1:
       A tree.
    Level 2:


Vanquished creatures:
  a hobbit
  a brown mold
  a gecko
  2 jackals
  2 goblins
  a sewer rat
  4 grid bugs
  a bat
  4 lichens
  a kobold zombie
  5 newts
23 creatures vanquished.

No species were genocided or became extinct.

Game over:
                       ----------
                      /          \
                     /    REST    \
                    /      IN      \
                   /     PEACE      \
                  /                  \
                  |    Hlormaren     |
                  |      19 Au       |
                  |   killed by a    |
                  |   small mimic    |
                  |                  |
                  |                  |
                  |       2026       |
                 *|     *  *  *      | *
        _________)/\\_//(\/(/\)/\//\/|_)_______

Farvel Hlormaren the Valkyrie...

You died in The Dungeons of Doom on dungeon level 3 with 368 points,
and 19 pieces of gold, after 1200 moves.
You were level 3 with a maximum of 41 hit points when you died.

